 Dungeon Crawl Stone Soup version 0.23-b1-3-gdda8187c6f (webtiles) character file.

Game seed: 4351057169867695383

271 Gunterle the Cutter (level 6, 0/40 HPs)
             Began as a Kobold Berserker on Feb 1, 2019.
             Was a Priest of Trog.
             Slain by a two-headed ogre
             ... wielding a +0 giant club
              (25 damage)
             ... on level 4 of the Dungeon.
             The game lasted 00:18:30 (2439 turns).

Gunterle the Cutter (Kobold Berserker)              Turns: 2439, Time: 00:18:30

Health: 0/40       AC:  3    Str: 16    XL:     6   Next: 47%
Magic:  6/6        EV: 15    Int:  8    God:    Trog [***...]
Gold:   122        SH:  0    Dex: 17    Spells: 5/5 levels left

rFire    . . .     SeeInvis .   a - +0 short sword
rCold    . . .     Gourm    .   (shield restricted)
rNeg     . . .     Faith    .   b - +0 animal skin
rPois    .         Spirit   .   g - +0 helmet
rElec    .         Reflect  .   (no cloak)
rCorr    .         Harm     .   (no gloves)
MR       .....                  (no boots)
Stlth    ++........             (no amulet)
HPRegen  0.13/turn              (no ring)
MPRegen  0.10/turn              (no ring)

@: berserk cooldown, slowed, very slow
A: small, agile 1, carnivore, MP-powered wands
a: Berserk, Trog's Hand, Renounce Religion


You were on level 4 of the Dungeon.
You worshipped Trog.
Trog was most pleased with you.
You were full.

You visited 1 branch of the dungeon, and saw 4 of its levels.

You collected 122 gold pieces.

Inventory:

Hand Weapons
 a - a +0 short sword (weapon)
Missiles
 e - 42 stones (quivered)
 j - 19 arrows
 l - 37 sling bullets
Armour
 b - a +0 animal skin (worn)
 g - a +0 helmet (worn)
 h - a +0 leather armour
Magical Staves
 k - an uncursed staff of air {unknown}
Jewellery
 i - an uncursed ring of see invisible {unknown}
 n - an uncursed ring of magical power {unknown}
 o - an uncursed ring of ice {unknown}
 r - a +3 ring of intelligence {unknown}
Scrolls
 m - 2 scrolls of identify
 s - a scroll of immolation
Potions
 d - a potion of brilliance {unknown}
 f - 2 potions of mutation
 p - a potion of ambrosia {unknown}
 q - a potion of haste {unknown}
Comestibles
 c - 7 rations


   Skills:
 + Level 5.0 Fighting
 * Level 7.7 Short Blades
 - Level 1.5 Armour
 - Level 2.4 Dodging


You had 5 spell levels left.
You didn't know any spells.
Your spell library contained the following spells:

 Spells                   Type           Power        Failure   Level  Hunger
 Magic Dart               Conj           #...         41%         1    ##.....
 Blink                    Tloc           N/A          54%         2    ###....
 Call Imp                 Summ           #.......     54%         2    ###....
 Slow                     Hex            #.......     54%         2    ###....
 Conjure Flame            Conj/Fire      #.......     78%         3    ####...
 Mephitic Cloud           Conj/Pois/Air  #.......     78%         3    ####...


Dungeon Overview and Level Annotations

Branches:
Dungeon (4/15)
 Temple: D:4-7

Altars:
Dithmenos
Nemelex Xobeh
Qazlal


Innate Abilities, Weirdness & Mutations

You are small and have problems with some larger weapons.
You are carnivorous and can eat meat at any time.
You are agile. (Dex +2)
You expend magic power (3 MP) to strengthen your wands.


Message History

You now have 122 gold pieces (gained 7).
A quokka comes into view.
Unknown command.
Okay, then.
It was a potion of mutation.
You feel extremely strange.
You feel agile.
You feel your magical essence link to your wands.
The two-headed ogre hits you with a +0 giant club!
The two-headed ogre closely misses you.
Unknown command.
The two-headed ogre closely misses you. x2; The quokka barely misses you.
The quokka misses you. The quokka closely misses you.
The two-headed ogre misses you. The two-headed ogre closely misses you.
The quokka barely misses you.
Okay, then.
The quokka twitches its whiskers.
The two-headed ogre misses you.
The two-headed ogre hits you with a +0 giant club!!
Ouch! That really hurt!
You die...

#....♣ ♣...♣ ♣..P♣ ...
#....♣♣♣...♣♣♣P..♣♣♣P..
#...P.......PP......P..
#......................
#.#.PP.....P....PPPP...
#.#..♣♣♣..P♣♣♣P..♣♣♣..P
#...P♣ ♣P..♣ ♣...♣ P..
###.P♣♣♣...♣♣♣Or.♣♣♣..P
#...PPP..P.P@.PP..P.
#...................
#.P.......P..:PPPPP.
#..♣♣♣..P♣♣♣...♣♣♣P.
#..♣ ♣P.P♣ ♣...♣
#.P♣♣♣P.P♣♣♣P..♣
#.P......PPPP$PP
#................
#..#########.##


You could see a two-headed ogre and a quokka.

Vanquished Creatures
  Sigmund (D:2)
  A worker ant (D:4)
  3 adders
  A dart slug (D:1)
  2 leopard geckos
  An orc (D:3)
  A giant cockroach (D:1)
  9 goblins
  5 hobgoblins
  5 jackals (D:1)
  2 quokkas (D:2)
  A ball python (D:1)
  10 bats
  6 frilled lizards
  4 kobolds
  21 rats
73 creatures vanquished.

Notes
Turn   | Place    | Note
-------+----------+-------------------------------------------
     0 | D:1      | Gunterle the Kobold Berserker began the quest for the Orb.
     0 | D:1      | Reached XP level 1. HP: 14/14 MP: 1/1
    30 | D:1      | Reached XP level 2. HP: 9/19 MP: 2/2
   539 | D:1      | Reached ** piety under Trog
   539 | D:1      | Reached XP level 3. HP: 24/24 MP: 3/3
   556 | D:1      | Reached skill level 5 in Short Blades
  1369 | D:2      | Reached XP level 4. HP: 27/29 MP: 4/4
  1442 | D:2      | Found a shadowy altar of Dithmenos.
  1448 | D:2      | Noticed Sigmund
  1466 | D:2      | Killed Sigmund
  1466 | D:2      | Reached skill level 7 in Short Blades
  1466 | D:2      | Reached XP level 5. HP: 25/34 MP: 5/5
  1466 | D:2      | Reached XP level 6. HP: 29/39 MP: 6/6
  1867 | D:3      | Found a sparkling altar of Nemelex Xobeh.
  2001 | D:3      | Found a stormy altar of Qazlal.
  2002 | D:3      | Noticed an air elemental
  2003 | D:3      | Noticed a fire elemental
  2003 | D:3      | Noticed a water elemental
  2283 | D:3      | Reached *** piety under Trog
  2410 | D:4      | Reached skill level 5 in Fighting
  2422 | D:4      | Noticed a two-headed ogre
  2431 | D:4      | Gained mutation: You are agile. (Dex +2) [potion of
                  | mutation]
  2431 | D:4      | Gained mutation: You expend magic power (3 MP) to
                  | strengthen your wands. [potion of mutation]
  2439 | D:4      | Slain by a two-headed ogre

Skill      XL: |  1  2  3  4  5  6 |
---------------+-------------------+-----
Short Blades   | 5 7 |  7.7
Fighting       | 4 5 |  5.0
Armour         | |  1.5
Dodging        | |  2.4

Action                   |  1- 3 |  4- 6 || total
-------------------------+-------+-------++-------
Melee: Short sword       |   116 |   113 ||   229
Invok: Berserk           |     3 |     5 ||     8
       Trog's Hand       |       |     1 ||     1
  Use: Scroll            |       |     1 ||     1
       Potion            |       |     1 ||     1
 Stab: Sleeping          |     1 |       ||     1
  Eat: Chunk             |    11 |     7 ||    18
Armor: Animal skin       |    16 |    12 ||    28
Dodge: Dodged            |   112 |    92 ||   204
